Map: Overgrown Facility

Players

psidza

  • Race: Protoss Protoss
  • League: Gold
  • Spawn Location: 3:00

Xarron

  • Race: Zerg Zerg
  • Spawn Location: 1:00

ILIEKEGGPIE - Winner!

  • Race: Protoss Protoss
  • League: Platinum
  • Spawn Location: 9:00

TemoP - Winner!

  • Race: Terran Terran
  • League: Gold
  • Spawn Location: 7:00

VOD

Have the link to the VOD?

Description

Time

  • Played on: April 27, 2018, 12:11 p.m.
  • Length: 11:44
Show
View Real Time Build Order
Export as new Build Order

psidza Protoss 

Build Orders:  

Get SALT Encoding   

  1  0:00  Probe  
  13  0:15  Probe  
  13  0:18  Pylon  
  14  0:33  Probe  
  15  0:38  Gateway  
  15  0:45  Probe  
  15  0:46  Assimilator  
  16  0:56  Probe  
  17  1:04  Probe  
  18  1:11  Pylon  
  18  1:12  Probe  
  19  1:32  Forge  
  19  1:39  Zealot  
  21  1:49  Cybernetics Core  
  21  1:53  Assimilator  
  21  1:55  Probe  
  22  2:06  Probe  
  23  2:14  Probe  
  24  2:27  Nexus  
  24  2:30  Pylon  
  24  2:34  Pylon  
  24  2:41  Photon Cannon  
  24  2:44  Warp Gate  
  24  2:50  Adept  
  26  3:23  Gateway  
  24  3:33  Adept  
  26  3:38  Probe  
  27  3:45  Probe  
  27  3:51  Probe  
  27  3:53  Probe  
  29  3:59  Probe  
  30  4:03  Probe  
  30  4:08  Probe  
  32  4:11  Adept x2  
  32  4:15  Probe  
  38  4:20  Probe  
  39  4:24  Twilight Council  
  39  4:27  Probe  
  40  4:32  Probe  
  41  4:39  Probe  
  42  4:46  Photon Cannon  
  42  4:50  Probe  
  43  4:55  Gateway  
  43  4:58  Probe, Gateway  
  43  5:06  Probe, Pylon  
  44  5:09  Assimilator  
  44  5:12  Assimilator  
  45  5:18  Probe  
  46  5:22  Pylon  
  46  5:25  Stalker  
  46  5:26  Stalker  
  43  5:36  Protoss Ground Armor Level 1  
  41  6:02  Stalker x2  
  45  6:07  Robotics Facility  
  45  6:16  Photon Cannon  
  45  6:23  Pylon  
  45  6:42  Probe  
  46  6:47  Pylon  
  46  6:50  Probe  
  47  6:58  Probe  
  47  7:03  Pylon  
  47  7:06  Probe  
  48  7:08  Probe  
  48  7:14  Probe  
  50  7:20  Probe, Resonating Glaives  
  52  7:24  Probe  
  53  7:35  Photon Cannon  
  53  7:36  Probe  
  54  7:39  Adept x3  
  54  7:40  Adept  
  62  7:48  Probe  
  63  8:01  Stargate  
  63  8:02  Stargate  
  63  8:04  Stargate  
  60  8:13  Photon Cannon  
  58  8:31  Robotics Facility  
  58  9:01  Nexus  
  58  9:08  Nexus  
  58  9:34  Pylon  
  58  9:37  Pylon  
  58  9:50  Fleet Beacon  
  58  10:07  Nexus  
  58  10:13  Observer  
  59  10:17  Pylon  
  59  10:19  Pylon  
  59  10:22  Pylon  
  59  10:24  Probe  
  59  10:27  Pylon  
  60  10:31  Pylon  
  60  10:35  Pylon  
  60  10:36  Probe  
  61  10:48  Probe  
  64  11:00  Probe  
  72  11:12  Probe  
  71  11:24  Probe  
Show
View Real Time Build Order
Export as new Build Order

Xarron Zerg 

Build Orders: Pool First 

Get SALT Encoding   

  12  0:02  Drone  
  13  0:11  Drone  
  14  0:17  Overlord  
  14  0:28  Extractor, Drone  
  14  0:36  Drone  
  14  0:41  Drone  
  16  0:50  Spawning Pool  
  16  0:52  Drone  
  16  0:59  Drone  
  17  1:12  Drone  
  18  1:20  Drone  
  19  1:40  Hatchery  
  19  1:42  Zergling x2  
  19  1:43  Zergling x2  
  20  1:54  Queen  
  22  2:02  Overlord  
  22  2:32  Lair  
  22  2:38  Extractor  
  21  2:50  Hatchery  
  20  2:53  Queen  
  20  2:55  Drone  
  23  3:08  Metabolic Boost  
  23  3:12  Zergling x2  
  24  3:14  Zergling x2  
  24  3:16  Zergling x2  
  24  3:19  Zergling x2  
  27  3:39  Hydralisk Den  
  26  3:46  Evolution Chamber  
  25  3:49  Drone  
  25  3:50  Drone x3  
  25  3:53  Drone  
  30  4:01  Overseer  
  30  4:07  Drone  
  30  4:09  Overseer  
  31  4:25  Drone x3  
  31  4:26  Lurker Den  
  31  4:30  Extractor  
  32  4:33  Extractor  
  31  4:43  Drone x3  
  34  4:51  Hydralisk  
  34  4:52  Hydralisk  
  38  5:03  Drone x3  
  41  5:12  Drone  
  41  5:13  Overlord  
  42  5:23  Spore Crawler  
  42  5:28  Spore Crawler  
  40  5:34  Spore Crawler  
  39  5:36  Overseer  
  39  5:38  Spore Crawler  
  20  6:11  Hydralisk x2  
  20  6:14  Drone  
  25  6:43  Drone x3  
  28  6:50  Drone  
  29  7:02  Drone x2  
  29  7:07  Drone  
  32  7:16  Drone  
  32  7:17  Drone  
  34  7:25  Drone x2  
  34  7:29  Drone  
  37  7:40  Drone x3  
  37  7:43  Drone  
  41  7:53  Grooved Spines  
  41  7:55  Drone x3  
  44  7:59  Drone x2  
  46  8:09  Hydralisk  
  46  8:10  Hydralisk  
  50  8:14  Overlord  
  50  8:31  Overlord x3  
  50  8:46  Spire  
  49  9:05  Hydralisk  
  49  9:06  Hydralisk x6  
  63  9:30  Drone x2  
  63  9:31  Drone  
  66  9:46  Hydralisk x6  
  66  9:47  Hydralisk  
  72  10:19  Hydralisk x3  
  74  10:29  Lurker  
  75  10:42  Drone x3  
  78  11:04  Lurker  
  78  11:07  Drone x3  
Show
View Real Time Build Order
Export as new Build Order

ILIEKEGGPIE Protoss - Winner!

Build Orders: Zealot Archon, Dark Templar Rush 

Get SALT Encoding   

  12  0:04  Probe  
  13  0:16  Probe  
  13  0:20  Pylon  
  14  0:28  Probe  
  15  0:40  Probe  
  16  0:43  Gateway  
  16  0:52  Assimilator  
  16  0:53  Probe  
  17  1:04  Probe  
  18  1:13  Probe, Pylon  
  19  1:21  Probe  
  20  1:28  Assimilator  
  20  1:31  Probe  
  21  1:40  Cybernetics Core  
  21  1:43  Probe, Gateway  
  22  1:55  Probe  
  23  2:09  Probe  
  24  2:20  Warp Gate  
  24  2:25  Twilight Council  
  24  2:27  Adept  
  25  2:45  Pylon  
  25  2:50  Gateway  
  25  3:34  Dark Shrine  
  25  3:38  Robotics Facility  
  25  3:41  Pylon  
  25  4:02  Gateway  
  25  4:17  Warp Prism  
  27  4:36  Gateway  
  27  4:38  Gateway  
  27  4:47  Dark Templar x2  
  27  4:48  Dark Templar  
  33  5:29  Nexus  
  33  5:32  Forge  
  33  5:34  Forge  
  33  5:41  Zealot x3  
  33  5:42  Zealot  
  33  6:03  Protoss Ground Weapons Level 1, Protoss Ground Armor Level 1  
  29  6:09  Probe  
  28  6:12  Stalker x3  
  28  6:17  Dark Templar x2  
  38  6:31  Archon  
  38  6:34  Pylon  
  38  6:51  Probe  
  38  6:52  Probe  
  40  6:59  Probe  
  40  7:00  Probe, Templar Archives  
  40  7:07  Probe  
  42  7:08  Probe  
  42  7:14  Stalker x2  
  48  7:18  Probe x2  
  50  7:26  Observer, Probe  
  51  7:30  Probe  
  51  7:34  Probe  
  53  7:41  Assimilator  
  53  7:42  Probe  
  55  7:44  Probe  
  55  7:45  Assimilator  
  56  7:54  Probe  
  56  7:56  Probe  
  58  8:06  Probe  
  58  8:09  Probe  
  60  8:15  Zealot x3  
  60  8:16  Zealot  
  60  8:18  Probe  
  69  8:21  Probe  
  69  8:22  Gateway  
  69  8:25  Gateway  
  70  8:30  Pylon  
  70  8:48  Probe  
  71  8:51  Charge  
  71  8:59  Dark Templar x3  
  77  9:05  Nexus  
  77  9:08  Archon  
  77  9:16  Pylon  
  77  9:18  Probe  
  78  9:34  Probe x2  
  80  9:56  Probe x2  
  82  10:01  Assimilator  
  82  10:08  Probe, Assimilator  
  82  10:14  Gateway  
  83  10:16  Gateway  
  83  10:21  Robotics Bay  
  83  10:24  Probe x2  
  85  10:36  Probe  
  85  10:37  Probe  
  87  10:43  Probe  
  87  10:48  Probe  
  87  10:49  Probe  
  90  10:55  Probe  
  91  11:01  Probe x2  
  93  11:22  Dark Templar  
  93  11:23  Dark Templar x2  
  93  11:24  Zealot  
  101  11:27  Pylon  
  101  11:28  Archon, Pylon  
  101  11:30  Pylon  
  101  11:31  Pylon  
  101  11:32  Pylon  
  101  11:34  Pylon  
Show
View Real Time Build Order
Export as new Build Order

TemoP Terran - Winner!

Build Orders: 1/1/1, Banshee Rush 

Get SALT Encoding   

  12  0:02  SCV  
  13  0:14  SCV  
  14  0:22  Supply Depot  
  14  0:26  SCV  
  15  0:30  Refinery  
  15  0:44  SCV  
  16  0:50  Barracks  
  16  1:02  Refinery  
  16  1:13  SCV  
  17  1:25  SCV  
  18  1:37  SCV  
  19  1:42  Marine  
  19  1:43  Factory  
  20  1:55  Supply Depot  
  20  1:59  Orbital Command  
  20  2:00  Marine  
  21  2:18  Marine  
  22  2:29  Starport  
  22  2:35  Starport  
  22  2:40  SCV  
  23  2:54  Supply Depot  
  23  2:55  Widow Mine  
  25  2:59  SCV  
  26  3:23  Starport Tech Lab x2  
  26  3:42  Banshee  
  26  3:43  Banshee  
  26  3:44  Cloaking Field  
  32  3:49  SCV  
  32  3:52  Marine  
  36  3:56  Widow Mine  
  36  4:01  SCV  
  37  4:13  SCV  
  38  4:41  Supply Depot  
  38  4:48  Banshee x2  
  44  4:54  Factory Tech Lab  
  44  5:07  Command Center  
  44  6:04  Banshee x2  
  44  6:46  Fusion Core  
  44  6:49  Refinery  
  44  7:00  Refinery  
  44  7:11  SCV  
  45  7:22  Supply Depot  
  45  7:23  SCV  
  46  7:34  Battlecruiser  
  46  7:35  SCV, Battlecruiser  
  59  7:47  SCV  
  60  7:59  SCV  
  61  8:11  SCV  
  62  9:01  Battlecruiser  
  62  9:02  Battlecruiser  
  71  9:42  Starport  
  71  9:43  Supply Depot  
  62  10:24  Starport Tech Lab  
  62  10:27  Battlecruiser x2  
  74  10:37  Weapon Refit  
  74  10:42  Armory  
  80  11:24  Command Center  
Tags
 
Add a new tag
Caveats
  • Supply blocks, unpowered buildings, or Contaminate may cause inaccurate times.
  • Supply counts are checked every 10 seconds.